 Dungeon Crawl Stone Soup version 0.31-a0-1068-g5939ac1fb6 (webtiles) character file.

Game seed: 8332148376006318266

293 BritishOli the Trooper (level 6, -1/45 HPs)
             Began as a Demonspawn Fighter on Nov 24, 2023.
             Slain by a gnoll
             ... wielding a +0 whip
              (6 damage)
             ... on level 3 of the Dungeon.
             The game lasted 00:03:06 (1733 turns).

BritishOli the Trooper (Demonspawn Fighter)         Turns: 1733, Time: 00:03:06

Health: -1/45      AC:  9    Str: 19    XL:     6   Next: 11%
Magic:  6/6        EV:  9    Int:  9    God:
Gold:   138        SH:  4    Dex: 12    Spells: 5/5 levels left

rFire   . . .        a - +0 war axe
rCold   . . .        c - +0 buckler
rNeg    . . .        b - +0 scale mail
rPois   .            (helmet restricted)
rElec   .            (no cloak)
rCorr   .            (no gloves)
SInv    .            (no boots)
Will    +....        (no amulet) Stlth
                     h - ring of flight
HPRegen 0.27/turn    (no ring)
MPRegen 0.10/turn

%: no passive effects
@: mighty, enlightened, flying
A: slimy green scales 1, foul stench 2, demonic touch 1, antennae 1, frail 1,
screaming 1
a: no special abilities


You were on level 3 of the Dungeon.
You visited 1 branch of the dungeon, and saw 3 of its levels.

You collected 138 gold pieces.

Inventory:

Hand Weapons
 a - a +0 war axe (weapon)
Armour
 b - a +0 scale mail (worn)
 c - a +0 buckler (worn)
Jewellery
 h - a ring of flight (left hand)
Scrolls
 e - a scroll of teleportation {unknown}
 f - a scroll of vulnerability {unknown}
 l - 2 scrolls of identify {unknown}
Potions
 d - a potion of might
 i - a potion of heal wounds


   Skills:
 * Level 4.9 Fighting
 - Level 3.1 Axes
 + Level 3.8 Armour
 + Level 1.2 Dodging
 - Level 3.0 Shields


You had 5 spell levels left.
You didn't know any spells.
Your spell library contained the following spells:

 Spells                   Type           Power      Damage    Failure   Level
 Apportation              Tloc           0%         N/A       83%         1
 Magic Dart               Conj           0%         1d3       83%         1
 Necrotise                Necr           0%         1d4       83%         1
 Sting                    Tmut/Pois      0%         1d3       83%         1
 Summon Small Mammal      Summ           0%         N/A       83%         1
 Call Imp                 Summ           0%         N/A       92%         2
 Poisonous Vapours        Pois/Air       0%         N/A       92%         2
 Mephitic Cloud           Conj/Pois/Air  0%         N/A       99%         3
 Summon Guardian Golem    Hex/Summ       0%         N/A       99%         3
 Tukima's Dance           Hex            0%         N/A       99%         3
 Olgreb's Toxic Radiance  Pois           0%         N/A       100%        4
 Passage of Golubria      Tloc           0%         N/A       100%        4
 Yara's Violent Unravell  Hex/Tmut       0%         3d3       100%        5
 Orb of Destruction       Conj           0%         9d5       100%        7
 Spellforged Servitor     Conj/Summ      0%         N/A       100%        7


Dungeon Overview and Level Annotations

Branches:
Dungeon (3/15)

Altars:

Shops:
D:2 [


Innate Abilities, Weirdness & Mutations

You are partially covered in slimy green scales. (AC +2)
You sometimes emit foul miasma when damaged in melee.
Your touch may inflict minor irresistible damage on your foes.
You have a pair of small antennae on your head.
You are frail. (-10% HP)
You occasionally shout uncontrollably at your foes.


Message History

You closely miss the gnoll.
The gnoll is severely wounded.
The gnoll barely misses you. The gnoll hits you but does no damage.
The gnoll barely misses you.
The gnoll hits you from afar with a +0 spear.
* * * LOW HITPOINT WARNING * * *
You slash the gnoll!
You kill the gnoll!
The gnoll misses you.
You slash the gnoll!
The gnoll is heavily wounded.
The gnoll hits you with a +0 whip.
* * * LOW HITPOINT WARNING * * *
You emit a cloud of foul miasma!
The gnoll barely misses you.
The gnoll is engulfed in dark miasma.
The gnoll is poisoned.
You kill the gnoll!
The gnoll hits you but does no damage. The gnoll hits you but does no damage.
Things that are here:
a stone; a kobold corpse You reach down and close the door, pushing everything out of the way.
Things that are here:
a +0 club; a stone; a kobold corpse A kobold opens the door.
The gnoll hits you from afar with a +0 spear.
* * * LOW HITPOINT WARNING * * *
You closely miss the kobold. The gnoll closely misses you.
The kobold hits you but does no damage.
The gnoll hits you from afar with a +0 spear.
* * * LOW HITPOINT WARNING * * *
The gnoll hits you but does no damage. The gnoll barely misses you.
The kobold closely misses you. The kobold barely misses you.
There is an open door, spattered with blood here.
You block the gnoll's attack. The kobold hits you but does no damage.
Things that are here:
a +0 club; a stone; a kobold corpse You barely miss the gnoll.
You slash the kobold!
You kill the kobold!
The gnoll hits you with a +0 whip.
You die...

###### ######################
#....# ......#..............#
#....# ......))......)(.....#
##....#########........(.....#
#......#..........########..g.
+......'..........# #..).
#......#......{...########....
##....#########gK............#
#..()#......@gK........)....#
#.)..#......)#g.............#
######''#########################
≈≈≈~~.....~≈≈≈≈≈≈≈≈≈≈≈≈≈≈≈≈≈≈≈≈≈#
≈≈≈~......≈≈≈≈≈≈≈≈≈≈≈≈≈≈≈~≈≈≈≈≈≈≈
~≈~~~....~~~~~~~~~≈≈~~~~~~~~≈~~≈~
~........~~~~~.~.~~~~....~~~.~~~.
.................................
.................................


You could see 2 gnolls, a hobgoblin and 2 kobolds.

Vanquished Creatures
  A kobold brigand (D:3)
  A bullfrog (D:3)
  7 gnolls (D:3)
  3 adders
  2 worms (D:2)
  A dart slug (D:2)
  A bat (D:2)
  An endoplasm (D:1)
  4 giant cockroaches
  4 goblins
  6 hobgoblins
  A quokka (D:3)
  4 ball pythons
  5 frilled lizards
  21 kobolds
  5 rats
67 creatures vanquished.

Notes
Turn   | Place    | Note
-------+----------+-------------------------------------------
     0 | D:1      | BritishOli the Demonspawn Fighter began the quest for the
                  | Orb.
     0 | D:1      | Reached XP level 1. HP: 18/18 MP: 1/1
   186 | D:1      | Gained mutation: You are partially covered in slimy green
                  | scales. (AC +2) [demonic ancestry]
   186 | D:1      | Reached XP level 2. HP: 24/24 MP: 2/2
   704 | D:2      | Found Ycim's Armour Emporium.
   759 | D:2      | Gained mutation: You may rarely emit foul miasma when
                  | damaged in melee. [demonic ancestry]
   759 | D:2      | Reached XP level 3. HP: 29/29 MP: 3/3
  1421 | D:3      | Noticed a bullfrog
  1431 | D:3      | Killed a bullfrog
  1432 | D:3      | Reached skill level 4 in Fighting
  1432 | D:3      | Gained mutation: You sometimes emit foul miasma when
                  | damaged in melee. [demonic ancestry]
  1432 | D:3      | Reached XP level 4. HP: 34/37 MP: 4/4
  1448 | D:3      | Found a faded altar of an unknown god.
  1546 | D:3      | Gained mutation: Your touch may inflict minor irresistible
                  | damage on your foes. [demonic ancestry]
  1546 | D:3      | Reached XP level 5. HP: 41/42 MP: 5/5
  1694 | D:3      | Reached skill level 1 in Dodging
  1699 | D:3      | HP: 2/43 [gnoll/+0 club (1)]
  1711 | D:3      | Gained mutation: You are frail. (-10% HP) [potion of
                  | mutation]
  1711 | D:3      | Gained mutation: You occasionally shout uncontrollably at
                  | your foes. [potion of mutation]
  1711 | D:3      | Gained mutation: You have a pair of small antennae on your
                  | head. [potion of mutation]
  1715 | D:3      | Reached XP level 6. HP: 25/45 MP: 6/6
  1733 | D:3      | Slain by a gnoll

Illustrated notes

Levels and vault maps discovered:
D:1:      dreamdust_arrival_sigmund_warning, layout_basic
D:2:      layout_rooms, serial_shops, shop, serial_corexii_hall,
          chequers_hall_statues_corner_a, corexii_hall_statues_u,
          chequers_big_river, minmay_distorted
D:3:      minmay_goblin_kobold_castle, layout_basic, fiery_altar_vehumet,
          chequers_ecumenical_altar_simple_redux, nicolae_shop_unique_rings

Skill      XL: |  1  2  3  4  5 |
---------------+----------------+-----
Axes           | 2 3 |  3.1
Armour         | 3 |  3.8
Shields        | 3 |  3.0
Fighting       | 4 |  4.9
Dodging        | 1 |  1.2

Action                     |  1- 3 |  4- 6 || total
---------------------------+-------+-------++-------
  Melee: War axe           |   121 |    60 ||   181
    Use: Potion            |       |     5 ||     5
 Armour: Scale mail        |    87 |    85 ||   172
  Dodge: Dodged            |    45 |    51 ||    96
  Block: Buckler           |    28 |    25 ||    53

Table legend: (Time is in decaauts)
 A = Elapsed time spent in this place.
 B = Non-inter-level travel time spent in this place.
 C = Inter-level travel time spent in this place.
 D = Time resting spent in this place.
 E = Time spent auto-exploring this place.
 F = Levels seen in this place.
 G = Mean time per level.
                   A        B        C        D        E       F      G
               +--------+--------+--------+--------+--------+-----+--------+
         Total |   1806 |   1763 |     43 |      0 |   1335 |   3 |  602.0 |
       Dungeon |   1806 |   1763 |     43 |      0 |   1335 |   3 |  602.0 |
               +--------+--------+--------+--------+--------+-----+--------+

Top non-repeatable levels by time:
     D:2: 789 daAuts
     D:3: 578 daAuts
     D:1: 438 daAuts
